 Dungeon Crawl Stone Soup version 0.29-a0-294-g83ea962da3 (webtiles) character file.

Game seed: 8572833605319433058

33 kae the Firebug (level 3, -1/20 HPs)
             Began as a Tengu Fire Elementalist on Mar 18, 2022.
             Succumbed to an adder's poison
             ... on level 2 of the Dungeon.
             The game lasted 00:01:01 (1648 turns).

kae the Firebug (Tengu Fire Elementalist)           Turns: 1648, Time: 00:01:01

Health: -1/20      AC:  3    Str:  8    XL:     3   Next: 29%
Magic:  3/6        EV: 12    Int: 17    God:
Gold:   22         SH:  0    Dex: 14    Spells: 5/6 levels left

rFire   . . .      SeeInvis .   (no weapon)
rCold   . . .      Faith    .   (no shield)
rNeg    . . .      Spirit   .   a - +1 robe
rPois   .          Reflect  .   (helmet restricted)
rElec   .          Harm     .   (no cloak)
rCorr   .          Rampage  .   (no gloves)
Will    .....                   (boots unavailable)
Stlth   ++........              (no amulet)
HPRegen 0.06/turn               (no ring)
MPRegen 0.10/turn               (no ring)

@: mighty, lethally poisoned (-1 -> -9)
A: beak, talons 3, low MP 1, robust 1
a: no special abilities


You were on level 2 of the Dungeon.
You visited 1 branch of the dungeon, and saw 2 of its levels.

You collected 22 gold pieces.

Inventory:

Armour
 a - a +1 robe (worn)
Potions
 b - 3 potions of magic
 d - a potion of mutation
 e - a potion of brilliance {unknown}
 f - a potion of degeneration {unknown}


   Skills:
 - Level 2.1 Dodging
 - Level 2.0 Stealth
 + Level 2.3 Spellcasting
 + Level 2.3 Conjurations
 * Level 4.1 Fire Magic


You had 5 spell levels left.
You knew the following spells:

 Your Spells              Type           Power      Damage    Failure   Level
a - Foxfire               Conj/Fire      52%        2x1d6     4%          1

Your spell library contained the following spells:

 Spells                   Type           Power      Damage    Failure   Level
 Scorch                   Fire           30%        2d6       5%          2
 Shock                    Conj/Air       24%        1d4       12%         1
 Conjure Flame            Conj/Fire      13%        6-21      14%         3
 Inner Flame              Hex/Fire       8%         N/A       24%         3
 Flame Wave               Conj/Fire      13%        2d6       43%         4
 Swiftness                Air            2%         N/A       50%         3
 Airstrike                Air            1%         N/A       88%         4


Dungeon Overview and Level Annotations

Branches:
Dungeon (2/15)

Altars:

Shops:
D:1 ?*[[(


Innate Abilities, Weirdness & Mutations

You have a beak for a mouth.
You have claws for feet.
Your magical capacity is low. (-10% MP)
You are robust. (+10% HP)


Message History

There are monsters nearby!
Casting: Foxfire (safe; 4% risk of failure)
Confirm with . or Enter, or press ? or * to list all spells.
You conjure some foxfire!
The adder bites you.
The foxfire hits the adder.
The adder is severely wounded.
The foxfire hits the adder.
The adder is severely wounded.
The adder bites you. The adder bites you but does no damage.
Casting: Foxfire (safe; 4% risk of failure)
Confirm with . or Enter, or press ? or * to list all spells.
You conjure some foxfire!
The foxfire hits the adder.
The adder is almost dead.
The goblin closely misses you.
The foxfire hits the goblin.
You kill the goblin!
The adder bites you. x2
As you read the scroll labelled DEDIXT ROMERUP, it crumbles to dust.
It is a scroll of enchant armour.
Your +0 robe glows green for a moment.
The quokka bites you. The adder barely misses you.
The adder bites you but does no damage.
It was a potion of might.
You feel very mighty all of a sudden. The quokka closely misses you.
The adder closely misses you. The adder bites you but does no damage.
The quokka barely misses you. The adder barely misses you. The adder bites you.
You are poisoned.
The adder poisons you! The adder bites you.
You are lethally poisoned!
The adder poisons you! The adder attacks as you move away!
The adder barely misses you.
Found an escape hatch in the floor.
* * * LOW HITPOINT WARNING * * *
You feel very sick.
You see here 3 gold pieces.
* * * LOW HITPOINT WARNING * * *
You feel sick.
It was a potion of mutation.
You feel extremely strange.
You feel robust.
You feel less energetic.
You die...

#.. .> . ..## ## . . ..# #.
..#. ..## ######## #.
#..#####.! #......# #. .
..!#...# #.####.# #. #.
#g#.#@# ##.####.###.
##...#.#...#S#
##........##.
..#......w.S.#
##.....##.....
...#...##...##
#..........### #......
#..†# ##.........# .#.....
#...# ##......#.#
.......##...#######.....#.#
..##......#.#.#.#>#.#.#.#.#
...........................


You could see 2 adders.

Vanquished Creatures
  5 ball pythons
  2 bats (D:1)
  3 endoplasms
  2 giant cockroaches (D:1)
  3 goblins
  5 hobgoblins
  2 quokkas
  2 kobolds
  4 rats
28 creatures vanquished.

Vanquished Creatures (others)
  96 foxfires
96 creatures vanquished.

Grand Total: 124 creatures vanquished

Notes
Turn   | Place    | Note
-------+----------+-------------------------------------------
     0 | D:1      | kae the Tengu Fire Elementalist began the quest for the
                  | Orb.
     0 | D:1      | Reached XP level 1. HP: 10/10 MP: 4/4
   164 | D:1      | Found Huppugusch's Antique Weapon Shop.
   200 | D:1      | Reached XP level 2. HP: 15/15 MP: 4/6
   442 | D:1      | Found Niratyh's Assorted Antiques.
   506 | D:1      | Found Paunniti's Magic Scroll Boutique.
   750 | D:1      | Found Eschuz's Armour Boutique.
  1047 | D:2      | Reached XP level 3. HP: 4/19 MP: 5/7
  1330 | D:2      | Reached skill level 4 in Fire Magic
  1648 | D:2      | Gained mutation: You are robust. (+10% HP) [potion of
                  | mutation]
  1648 | D:2      | Gained mutation: Your magical capacity is low. (-10% MP)
                  | [potion of mutation]
  1648 | D:2      | Succumbed to an adder's poison

Illustrated notes

Levels and vault maps discovered:
D:1:      dpeg_arrival_tiny_a, layout_basic, serial_shops, shop,
          nicolae_shop_temple_entry_statues_fountains, nicolae_diamond_shop,
          nicolae_shop_stone, nicolae_shop_overgrown_old_shop
D:2:      layout_loops_cross, basic_altar, st_stairs_13, minmay_splitting_lines

Skill      XL: |  1  2  3 |
---------------+----------+-----
Conjurations   | 2 |  2.3
Fire Magic     | 4 |  4.1
Dodging        | |  2.1
Stealth        | |  2.0
Spellcasting   | |  2.3

Action                   || total
-------------------------++-------
Melee: Unarmed           ||    13
       Peck              ||     2
       Kick              ||     1
 Cast: Foxfire           ||    61
  Use: Potion            ||     2
       Scroll            ||     1
Armor: Robe              ||     7
Dodge: Dodged            ||    21

Table legend: (Time is in decaauts)
 A = Elapsed time spent in this place.
 B = Non-inter-level travel time spent in this place.
 C = Inter-level travel time spent in this place.
 D = Time resting spent in this place.
 E = Time spent auto-exploring this place.
 F = Levels seen in this place.
 G = Mean time per level.
                   A        B        C        D        E       F      G
               +--------+--------+--------+--------+--------+-----+--------+
         Total |   1647 |   1630 |     17 |      0 |   1411 |   2 |  823.5 |
       Dungeon |   1647 |   1630 |     17 |      0 |   1411 |   2 |  823.5 |
               +--------+--------+--------+--------+--------+-----+--------+

Top non-repeatable levels by time:
     D:1: 889 daAuts
     D:2: 758 daAuts
